 Dungeon Crawl Stone Soup version 0.32-a0-314-g526f7d4 (webtiles) character file.

Game seed: 8960222175693181419

282 Dorkslayer the Chopper (level 6, -1/53 HPs)
             Began as a Mountain Dwarf Fighter on Feb 15, 2024.
             Slain by Ijyb
             ... wielding a +2 spectral club
              (4 damage)
             ... on level 3 of the Dungeon.
             The game lasted 00:05:56 (2326 turns).

Dorkslayer the Chopper (Mountain Dwarf Fighter)     Turns: 2326, Time: 00:05:57

Health: -1/53      AC:  8    Str: 20    XL:     6   Next: 6%
Magic:  15/15      EV:  9    Int:  9    God:
Gold:   140        SH:  4    Dex:  9    Spells: 5/5 levels left

rFire   + . .        a - +0 war axe
rCold   . . .        c - +0 buckler
rNeg    . . .        b - +0 scale mail
rPois   .            (no helmet)
rElec   .            p - +0 cloak
rCorr   .            (no gloves)
SInv    .            (no boots)
Will    .....        (no amulet) Stlth
                     h - ring of protection from fire
HPRegen 0.28/turn    j - ring of magical power
MPRegen 0.14/turn

%: no passive effects
@: no status effects
A: runic magic, artefact enchanting
a: no special abilities


You were on level 3 of the Dungeon.
You visited 1 branch of the dungeon, and saw 3 of its levels.

You collected 140 gold pieces.

Inventory:

Hand Weapons
 a - a +0 war axe (weapon)
 e - a +0 mace
Missiles
 f - 2 boomerangs (quivered)
Armour
 b - a +0 scale mail (worn)
 c - a +0 buckler (worn)
 p - a +0 cloak (worn)
Jewellery
 h - a ring of protection from fire (left hand)
 j - a ring of magical power (right hand)
Wands
 r - a wand of iceblast (4)
Scrolls
 d - a scroll of fog
 k - a scroll of enchant weapon {unknown}
 q - a scroll of teleportation
Potions
 l - a potion of degeneration {unknown}
 m - a potion of attraction {unknown}
 n - a potion of invisibility {unknown}
 o - a potion of heal wounds {unknown}


   Skills:
 + Level 4.3 Fighting
 + Level 4.8 Axes
 + Level 4.1 Armour
 * Level 1.8 Dodging
 + Level 0.1 Stealth
 + Level 4.0 Shields


You had 5 spell levels left.
You didn't know any spells.
Your spell library contained the following spells:

 Spells                   Type           Power      Damage    Failure   Level
 Freeze                   Ice            0%         1d3       54%         1
 Sting                    Conj/Alch      0%         1d3       54%         1
 Mercury Vapours          Alch/Air       0%         N/A       67%         2
 Frozen Ramparts          Ice            0%         1d1       88%         3
 Hailstorm                Conj/Ice       0%         3d5       88%         3
 Mephitic Cloud           Conj/Alch/Air  0%         N/A       88%         3
 Olgreb's Toxic Radiance  Alch           0%         N/A       99%         4
 Freezing Cloud           Conj/Ice/Air   0%         6-21      100%        5


Dungeon Overview and Level Annotations

Branches:
Dungeon (3/15)

Altars:
Kikubaaqudgha

Shops:
D:3 =

Annotations:
D:3 Ijyb, Natasha


Innate Abilities, Weirdness & Mutations

Your spellcasting is much less encumbered by armour.
You can use scrolls of enchantment on lesser artefacts.


Message History

Ijyb is severely wounded.
Ijyb hits you but does no damage.
You block the +2 spectral club's attack.
Natasha casts a spell at you.
The magic dart hits you but does no damage.
A +2 spectral club comes into view.
Aiming: Iceblast
Press: ? - help, Shift-Dir - straight line, f - Natasha, p - Ijyb
Aim: Natasha The mass of ice explodes!
The iceblast engulfs Natasha!
Natasha is almost dead.
You block the cerulean imp's attack. Ijyb hits you but does no damage.
You block the +2 spectral club's attack.
Unknown command.
Cleave: a) +0 war axe
Press: ? - help, Dir - move target, f/p - Natasha
Aim: Natasha (severely wounded, about 53% to evade your +0 war axe)
Okay, then.
Unknown command.
You closely miss Natasha.
Natasha is severely wounded.
You completely miss Ijyb.
You hit the +2 spectral club but do no damage.
The cerulean imp barely misses you.
Natasha mumbles some strange words.
Ijyb hits you with a +2 spectral club.
* * * LOW HITPOINT WARNING * * *
The +2 spectral club hits you.
* * * LOW HITPOINT WARNING * * *
The cerulean imp hits you but does no damage.
Natasha extends her claws.
Natasha claws you but does no damage. You block Ijyb's attack.
The +2 spectral club closely misses you.
You hit Natasha but do no damage.
Natasha is severely wounded.
You hit Ijyb but do no damage. You barely miss the +2 spectral club.
The cerulean imp barely misses you. Natasha claws you but does no damage.
Ijyb hits you with a +2 spectral club.
You die...
Ijyb screams, "Time for next experiment!"

## ## ##.###.##
###.........
##5g(##.###.#
#..#@#......
#######5##h..##.##
###......h.#.#.#...
#####...#######.5#...
...>..#......#.#.#.#.#
#######.##..##.#...#...⌠
# ###...#..###.#.#.# #..
###...###.## #...#./. #.
#...### #.####.#.#.#...


You could see a +2 spectral club, Ijyb, Natasha and 2 cerulean imps.

Vanquished Creatures
  A black bear (D:3)
  A hound (D:3)
  An orc priest (D:3)
  3 adders (D:2)
  A dart slug (D:2)
  A ribbon worm (D:2)
  2 orcs (D:3)
  3 ball pythons
  2 bat zombies (D:3)
  3 endoplasms
  3 giant cockroaches
  7 goblins
  10 hobgoblins
  7 bats
  2 frilled lizards
  A frilled lizard zombie (D:3)
  2 kobolds (D:1)
  10 rats
60 creatures vanquished.

Notes
Turn   | Place    | Note
-------+----------+-------------------------------------------
     0 | D:1      | Dorkslayer the Mountain Dwarf Fighter began the quest for
                  | the Orb.
     0 | D:1      | Reached XP level 1. HP: 19/19 MP: 1/1
    59 | D:1      | Reached XP level 2. HP: 26/26 MP: 2/2
   345 | D:1      | Reached XP level 3. HP: 31/31 MP: 3/3
   928 | D:2      | Reached XP level 4. HP: 27/40 MP: 4/4
  1130 | D:2      | Reached skill level 1 in Dodging
  1229 | D:2      | Found a faded altar of an unknown god.
  1688 | D:3      | Found Zydeocs's Jewellery Boutique.
  1688 | D:3      | Noticed a black bear
  1692 | D:3      | Killed a black bear
  1693 | D:3      | Reached XP level 5. HP: 23/46 MP: 5/5
  1852 | D:3      | Reached XP level 6. HP: 44/52 MP: 6/6
  2186 | D:3      | Found an ancient bone altar of Kikubaaqudgha.
  2298 | D:3      | Noticed Ijyb
  2312 | D:3      | Noticed Natasha
  2326 | D:3      | Slain by Ijyb

Illustrated notes

Levels and vault maps discovered:
D:1:      roadster_arrival_rocket_small, layout_loops_ring
D:2:      minmay_door_path, layout_basic, basic_ecumenical_altar
D:3:      layout_rooms, lemuel_zombie_altar_kikubaaqudgha, serial_shops, shop,
          nicolae_concentric_dashed_squares_wild, uniq_ijyb, uniq_natasha

Skill      XL: |  1  2  3  4  5 |
---------------+----------------+-----
Axes           | 3 4 |  4.8
Dodging        | 1 |  1.8
Armour         | 4 |  4.1
Shields        | 4 |  4.0
Fighting       | 4 |  4.3
Stealth        | |  0.1

Action                     |  1- 3 |  4- 6 || total
---------------------------+-------+-------++-------
  Melee: War axe           |    89 |    94 ||   183
  Evoke: Wand              |       |     2 ||     2
    Use: Scroll            |       |     6 ||     6
         Potion            |       |     3 ||     3
 Armour: Scale mail        |    67 |    87 ||   154
  Dodge: Dodged            |    44 |    60 ||   104
  Block: Buckler           |    28 |    29 ||    57

Table legend: (Time is in decaauts)
 A = Elapsed time spent in this place.
 B = Non-inter-level travel time spent in this place.
 C = Inter-level travel time spent in this place.
 D = Time resting spent in this place.
 E = Time spent auto-exploring this place.
 F = Levels seen in this place.
 G = Mean time per level.
                   A        B        C        D        E       F      G
               +--------+--------+--------+--------+--------+-----+--------+
         Total |   2388 |   2388 |      0 |      0 |   1283 |   3 |  796.0 |
       Dungeon |   2388 |   2388 |      0 |      0 |   1283 |   3 |  796.0 |
               +--------+--------+--------+--------+--------+-----+--------+

Top non-repeatable levels by time:
     D:2: 975 daAuts
     D:1: 755 daAuts
     D:3: 656 daAuts
